| TOP OF THE 1ST |
|
Nashville Sounds batting - Pitching for Fresno Grizzlies : RHP Scott Spillman
|
|
Pitching: RHP Scott Spillman
|
|
|
Batting: RHB Jeff Garofalo
|
0-0: Ball 1-0: Foul Ball, location: 2F 1-1: Ball 2-1: Ball 3-1: Base on Balls
|
|
Batting: SHB Robert Santiago
|
0-0: Ball 1-0: Swinging Strike 1-1: Ball 2-1: Ball 3-1: Called Strike 3-2: Foul Ball, location: 2F 3-2: Strikes out swinging Jeff Garofalo is caught stealing 2nd base 2-6 Batter strikes out.
|
|
Batting: RHB David Herrera
|
0-0: Ball 1-0: Called Strike 1-1: Swinging Strike 1-2: Fly out, F8 (Flyball, 8RM, EV 85.6 MPH)
|
| Top of the 1st over - 0 runs, 0 hits, 0 errors, 0 left on base; Nashville 0 - Fresno 0 |
| BOTTOM OF THE 1ST |
|
Fresno Grizzlies batting - Pitching for Nashville Sounds : RHP Victor Sanchez
|
|
Pitching: RHP Victor Sanchez
|
|
|
Batting: RHB Xavier Castaneda
|
0-0: Ball 1-0: Called Strike 1-1: Ground out 6-3 (Groundball, 6, EV 90.6 MPH)
|
|
Batting: RHB Dale Young
|
0-0: Swinging Strike 0-1: Ball 1-1: Ball 2-1: Ball 3-1: Swinging Strike 3-2: Strikes out swinging
|
|
Batting: LHB Jimmy Edlin
|
0-0: Ball 1-0: Called Strike 1-1: Swinging Strike 1-2: Foul Ball, location: 2F 1-2: Ball 2-2: Strikes out looking
|
| Bottom of the 1st over - 0 runs, 0 hits, 0 errors, 0 left on base; Nashville 0 - Fresno 0 |
| TOP OF THE 2ND |
|
Nashville Sounds batting - Pitching for Fresno Grizzlies : RHP Scott Spillman
|
|
Batting: LHB Zachary DeLuca
|
0-0: Ball 1-0: Ball 2-0: Foul Ball, location: 2F 2-1: Swinging Strike 2-2: Ball 3-2: Ground out 4-3 (Groundball, 34D, EV 105.0 MPH)
|
|
Batting: LHB Gregg Power
|
0-0: Foul Ball, location: 2F 0-1: DOUBLE (Flyball, 8LXD, EV 103.8 MPH)
|
|
Batting: RHB Wade Diamond
|
0-0: Ball 1-0: Foul Ball, location: 2F 1-1: Foul Ball, location: 2F 1-2: Strikes out looking
|
|
Batting: RHB Robby Godwin
|
0-0: Ball 1-0: Ball 2-0: Called Strike 2-1: Ball 3-1: Ground out 6-3 (Groundball, 6M, EV 88.8 MPH)
|
| Top of the 2nd over - 0 runs, 1 hit, 0 errors, 1 left on base; Nashville 0 - Fresno 0 |
| BOTTOM OF THE 2ND |
|
Fresno Grizzlies batting - Pitching for Nashville Sounds : RHP Victor Sanchez
|
|
Batting: LHB Angelo Vasquez
|
0-0: Ball 1-0: Fly out, F8 (Flyball, 78D, EV 84.4 MPH)
|
|
Batting: SHB Troy Kenyon
|
0-0: Ball 1-0: Ball 2-0: SINGLE (Groundball, 34, EV 95.0 MPH)
|
|
Batting: LHB Mark Dearth
|
0-0: Ball 1-0: SINGLE (Line Drive, 6D, EV 105.0 MPH) Troy Kenyon to second
|
|
Batting: RHB Sam Spohn
|
0-0: Ball 1-0: Ball 2-0: Fly out, F9 (Flyball, 9, EV 98.1 MPH)
|
|
Batting: SHB Bryan Johnston
|
0-0: Called Strike 0-1: Ball 1-1: Called Strike 1-2: Foul Ball, location: 2F 1-2: Foul Ball, location: 2F 1-2: Strikes out looking
|
| Bottom of the 2nd over - 0 runs, 2 hits, 0 errors, 2 left on base; Nashville 0 - Fresno 0 |
| TOP OF THE 3RD |
|
Nashville Sounds batting - Pitching for Fresno Grizzlies : RHP Scott Spillman
|
|
Batting: RHB Yonetoshi Muranaka
|
0-0: Called Strike 0-1: Foul Ball, location: 2F 0-2: Fly out, F7 (Line Drive, 7, EV 98.1 MPH)
|
|
Batting: RHB Eduardo Chavez
|
0-0: Foul Ball, location: 2F 0-1: Ball 1-1: Ball 2-1: Ball 3-1: Base on Balls
|
|
Batting: RHB Jeff Garofalo
|
0-0: Ball 1-0: Foul Ball, location: 2F 1-1: 2-RUN HOME RUN (Flyball, 7D, EV 95.6 MPH), Distance : 364 ft
|
|
Batting: SHB Robert Santiago
|
0-0: SINGLE (Groundball, 56D, EV 94.4 MPH)
|
|
Batting: RHB David Herrera
|
0-0: Ball Robert Santiago steals 2nd base 1-0: Ball Robert Santiago steals 3rd base (no throw) 2-0: Foul Ball, location: 2F 2-1: Swinging Strike 2-2: Foul Ball, location: 2F 2-2: Foul Ball, location: 2F 2-2: Strikes out swinging
|
|
Batting: LHB Zachary DeLuca
|
0-0: Ball 1-0: Swinging Strike 1-1: Swinging Strike 1-2: Ground out 6-3 (Groundball, 6, EV 103.8 MPH)
|
| Top of the 3rd over - 2 runs, 2 hits, 0 errors, 1 left on base; Nashville 2 - Fresno 0 |
| BOTTOM OF THE 3RD |
|
Fresno Grizzlies batting - Pitching for Nashville Sounds : RHP Victor Sanchez
|
|
Batting: RHB Workneh Lagat
|
0-0: Ball 1-0: Ball 2-0: Called Strike 2-1: Swinging Strike 2-2: Fly out, F7 (Flyball, 7D, EV 103.8 MPH)
|
|
Batting: RHB Xavier Castaneda
|
0-0: Ball 1-0: Called Strike 1-1: Ball 2-1: Foul Ball, location: 2F 2-2: Ball 3-2: Foul Ball, location: 2F 3-2: Strikes out swinging
|
|
Batting: RHB Dale Young
|
0-0: Ball 1-0: Called Strike 1-1: Ground out 5-3 (Groundball, 5, EV 103.1 MPH)
|
| Bottom of the 3rd over - 0 runs, 0 hits, 0 errors, 0 left on base; Nashville 2 - Fresno 0 |
| TOP OF THE 4TH |
|
Nashville Sounds batting - Pitching for Fresno Grizzlies : RHP Scott Spillman
|
|
Batting: LHB Gregg Power
|
0-0: Called Strike 0-1: Fly out, F8 (Flyball, 8LM, EV 80.6 MPH)
|
|
Batting: RHB Wade Diamond
|
0-0: Ball 1-0: Ball 2-0: Foul Ball, location: 2F 2-1: Foul Ball, location: 2F 2-2: Ball 3-2: SINGLE (Groundball, 34D, EV 101.2 MPH)
|
|
Batting: RHB Robby Godwin
|
0-0: Ball 1-0: Called Strike 1-1: Foul Ball, location: 2F 1-2: Ball 2-2: Strikes out swinging
|
|
Pitching: LHP Curt Joseph
|
|
|
Batting: RHB Yonetoshi Muranaka
|
0-0: Ball 1-0: Fly out, F4 (Popup, 34, EV 70.6 MPH)
|
| Top of the 4th over - 0 runs, 1 hit, 0 errors, 1 left on base; Nashville 2 - Fresno 0 |
| BOTTOM OF THE 4TH |
|
Fresno Grizzlies batting - Pitching for Nashville Sounds : RHP Victor Sanchez
|
|
Batting: LHB Jimmy Edlin
|
0-0: Ball 1-0: Ground out 6-3 (Groundball, 6M, EV 90.6 MPH)
|
|
Batting: LHB Angelo Vasquez
|
0-0: Ball 1-0: Ground out U3 (Groundball, 3, EV 82.5 MPH)
|
|
Batting: SHB Troy Kenyon
|
0-0: Ball 1-0: Foul Ball, location: 2F 1-1: Foul Ball, location: 2F 1-2: Strikes out looking
|
| Bottom of the 4th over - 0 runs, 0 hits, 0 errors, 0 left on base; Nashville 2 - Fresno 0 |
| TOP OF THE 5TH |
|
Nashville Sounds batting - Pitching for Fresno Grizzlies : LHP Curt Joseph
|
|
Batting: RHB Eduardo Chavez
|
0-0: Foul Ball, location: 2F 0-1: Ball 1-1: SINGLE (Line Drive, 8RS, EV 106.9 MPH)
|
|
Batting: RHB Jeff Garofalo
|
0-0: Called Strike 0-1: Ball 1-1: Called Strike 1-2: Fly out, F7 (Flyball, 7D, EV 102.5 MPH)
|
|
Batting: SHB Robert Santiago
|
0-0: Called Strike 0-1: Swinging Strike 0-2: SINGLE (Groundball, 56D, EV 104.4 MPH) Eduardo Chavez to second
|
|
Batting: RHB David Herrera
|
0-0: Ball 1-0: Foul Ball, location: 2F 1-1: Ball 2-1: Ball 3-1: Base on Balls Eduardo Chavez to third Robert Santiago to second
|
|
Batting: LHB Zachary DeLuca
|
0-0: Ball 1-0: Called Strike 1-1: Fly out, F7 (Flyball, 78D, EV 88.8 MPH) Runner from 3rd tags up, SCORES, no throw by LF
|
|
Batting: LHB Gregg Power
|
0-0: Called Strike 0-1: Ball 1-1: Called Strike 1-2: Strikes out looking
|
| Top of the 5th over - 1 run, 2 hits, 0 errors, 2 left on base; Nashville 3 - Fresno 0 |
| BOTTOM OF THE 5TH |
|
Fresno Grizzlies batting - Pitching for Nashville Sounds : RHP Victor Sanchez
|
|
Batting: LHB Mark Dearth
|
0-0: SINGLE (Groundball, 6S, EV 73.8 MPH) (infield hit)
|
|
Batting: RHB Sam Spohn
|
0-0: Ball 1-0: Ball Mark Dearth steals 2nd base 2-0: Foul Ball, location: 2F 2-1: Called Strike 2-2: Foul Ball, location: 2F 2-2: DOUBLE (Flyball, 8RXD, EV 96.9 MPH) Mark Dearth scores
|
|
Batting: SHB Bryan Johnston
|
0-0: Ball 1-0: Called Strike 1-1: Ball 2-1: Ball 3-1: Base on Balls
|
|
Batting: RHB Workneh Lagat
|
0-0: SINGLE (Line Drive, 4MD, EV 96.9 MPH) Sam Spohn to third Bryan Johnston to second
|
|
Batting: RHB Xavier Castaneda
|
0-0: Grounds into fielders choice 6-2 (Groundball, 56, EV 86.9 MPH) Bryan Johnston to third Workneh Lagat to second
|
|
Batting: RHB Dale Young
|
0-0: Ball 1-0: Called Strike 1-1: Foul Ball, location: 2F 1-2: Ball 2-2: Strikes out swinging
|
|
Batting: LHB Jimmy Edlin
|
0-0: Called Strike 0-1: Foul Ball, location: 2F 0-2: Ball 1-2: Strikes out swinging
|
| Bottom of the 5th over - 1 run, 3 hits, 0 errors, 3 left on base; Nashville 3 - Fresno 1 |
| TOP OF THE 6TH |
|
Nashville Sounds batting - Pitching for Fresno Grizzlies : LHP Curt Joseph
|
|
Batting: RHB Wade Diamond
|
0-0: Fly out, F8 (Flyball, 8LM, EV 89.4 MPH)
|
|
Batting: RHB Robby Godwin
|
0-0: Ball 1-0: Ball 2-0: Foul Ball, location: 2F 2-1: Called Strike 2-2: Foul Ball, location: 2F 2-2: Foul Ball, location: 2F 2-2: Strikes out swinging
|
|
Batting: RHB Yonetoshi Muranaka
|
0-0: Called Strike 0-1: Ground out 5-3 (Groundball, 56, EV 80.0 MPH)
|
| Top of the 6th over - 0 runs, 0 hits, 0 errors, 0 left on base; Nashville 3 - Fresno 1 |
| BOTTOM OF THE 6TH |
|
Fresno Grizzlies batting - Pitching for Nashville Sounds : RHP Victor Sanchez
|
|
Batting: LHB Angelo Vasquez
|
0-0: Ball 1-0: Called Strike 1-1: Ball 2-1: Ball 3-1: Base on Balls
|
|
Pitching: RHP A.J. Marston
|
|
|
Batting: SHB Troy Kenyon
|
0-0: Ball 1-0: Foul Ball, location: 2F 1-1: Foul Ball, location: 2F 1-2: Foul Ball, location: 2F 1-2: Ball 2-2: Strikes out looking
|
|
Batting: LHB Mark Dearth
|
0-0: Ball 1-0: Ball 2-0: Called Strike 2-1: Ball 3-1: Fly out, F9 (Flyball, 9, EV 88.1 MPH)
|
|
Batting: RHB Sam Spohn
|
0-0: Called Strike 0-1: Ball 1-1: Ball 2-1: SINGLE (Groundball, 15S, EV 70.6 MPH) (infield hit) Angelo Vasquez to second
|
|
Batting: SHB Bryan Johnston
|
0-0: Ground out 4-3 (Groundball, 4, EV 91.2 MPH)
|
| Bottom of the 6th over - 0 runs, 1 hit, 0 errors, 2 left on base; Nashville 3 - Fresno 1 |
| TOP OF THE 7TH |
|
Nashville Sounds batting - Pitching for Fresno Grizzlies : LHP Curt Joseph
|
|
Pitching: RHP Jorge Aguilar
|
|
|
Batting: RHB Eduardo Chavez
|
0-0: Ground out 4-3 (Groundball, 4, EV 84.4 MPH)
|
|
Batting: RHB Jeff Garofalo
|
0-0: Called Strike 0-1: Ball 1-1: Ball 2-1: Called Strike 2-2: Strikes out looking
|
|
Batting: SHB Robert Santiago
|
0-0: Swinging Strike 0-1: Ball 1-1: SINGLE (Flyball, 8LS, EV 98.1 MPH)
|
|
Batting: RHB David Herrera
|
0-0: Foul Ball, location: 2F 0-1: Ball 1-1: Called Strike 1-2: Strikes out looking
|
| Top of the 7th over - 0 runs, 1 hit, 0 errors, 1 left on base; Nashville 3 - Fresno 1 |
| BOTTOM OF THE 7TH |
|
Fresno Grizzlies batting - Pitching for Nashville Sounds : RHP A.J. Marston
|
|
Batting: RHB Workneh Lagat
|
0-0: Ball 1-0: Ball 2-0: Called Strike 2-1: Foul Ball, location: 2F 2-2: Ball 3-2: Strikes out looking
|
|
Batting: RHB Xavier Castaneda
|
0-0: Called Strike 0-1: Ground out U3 (Groundball, 34, EV 76.9 MPH)
|
|
Batting: RHB Dale Young
|
0-0: Called Strike 0-1: Ball 1-1: Called Strike 1-2: Ground out 5-3 (Groundball, 56, EV 103.1 MPH)
|
| Bottom of the 7th over - 0 runs, 0 hits, 0 errors, 0 left on base; Nashville 3 - Fresno 1 |
| TOP OF THE 8TH |
|
Nashville Sounds batting - Pitching for Fresno Grizzlies : RHP Jorge Aguilar
|
|
Batting: LHB Zachary DeLuca
|
0-0: Called Strike 0-1: Ground out 5-3 (Groundball, 56, EV 100.6 MPH)
|
|
Batting: LHB Gregg Power
|
0-0: Ball 1-0: Foul Ball, location: 2F 1-1: Foul Ball, location: 2F 1-2: Ball 2-2: Ball 3-2: Base on Balls
|
|
Batting: RHB Wade Diamond
|
0-0: Ball 1-0: Ball 2-0: Foul Ball, location: 2F 2-1: Called Strike 2-2: Grounds into double play, 6-4-3 (Groundball, 6, EV 102.5 MPH)
|
| Top of the 8th over - 0 runs, 0 hits, 0 errors, 0 left on base; Nashville 3 - Fresno 1 |
| BOTTOM OF THE 8TH |
|
Fresno Grizzlies batting - Pitching for Nashville Sounds : RHP A.J. Marston
|
|
Pitching: RHP Kevin Endsley
|
|
|
Now at 1B: Zachary DeLuca
|
|
|
Now in RF: Bill Cabrera
|
|
|
Batting: LHB Jimmy Edlin
|
0-0: Called Strike 0-1: SINGLE (Flyball, 8LS, EV 85.6 MPH)
|
|
Batting: LHB Angelo Vasquez
|
0-0: Ball 1-0: Called Strike 1-1: Called Strike 1-2: Strikes out looking
|
|
Batting: SHB Troy Kenyon
|
0-0: Foul Ball, location: 2F 0-1: Foul Ball, location: 2F 0-2: Foul Ball, location: 2F 0-2: Foul Ball, location: 2F 0-2: Ball 1-2: Foul Ball, location: 2F 1-2: Ball 2-2: SINGLE (Line Drive, 89S, EV 106.2 MPH) Jimmy Edlin to second
|
|
Batting: LHB Mark Dearth
|
0-0: Ball Jimmy Edlin steals 3rd base 1-0: Foul Ball, location: 2F Pickoff Throw to First - Out! 1-3 1-1: Ball 2-1: Ball 3-1: DOUBLE (Flyball, 8RXD, EV 96.2 MPH) Jimmy Edlin scores
|
|
Batting: RHB Sam Spohn
|
0-0: SINGLE (Groundball, 56D, EV 104.4 MPH) Mark Dearth to third Runner from 3rd tries for Home, SAFE, throw by LF to home
|
|
Batting: SHB Bryan Johnston
|
0-0: Ball 1-0: Ball Sam Spohn steals 2nd base 2-0: Called Strike 2-1: Called Strike 2-2: Strikes out swinging
|
| Bottom of the 8th over - 2 runs, 4 hits, 0 errors, 1 left on base; Nashville 3 - Fresno 3 |
| TOP OF THE 9TH |
|
Nashville Sounds batting - Pitching for Fresno Grizzlies : RHP Jorge Aguilar
|
|
Pitching: RHP Josh Holloway
|
|
|
Batting: RHB Robby Godwin
|
0-0: Ball 1-0: Fly out, F7 (Flyball, 7LS, EV 75.0 MPH)
|
|
Batting: RHB Yonetoshi Muranaka
|
0-0: Swinging Strike 0-1: Ball 1-1: Called Strike 1-2: Foul Ball, location: 2F 1-2: Fly out, F7 (Flyball, 7LMF, EV 75.6 MPH)
|
|
Batting: RHB Eduardo Chavez
|
0-0: Ball 1-0: Called Strike 1-1: Ball 2-1: Ball 3-1: Foul Ball, location: 2F 3-2: Base on Balls
|
|
Batting: RHB Jeff Garofalo
|
0-0: Called Strike Eduardo Chavez steals 2nd base 0-1: Foul Ball, location: 2F 0-2: Ball 1-2: Ball 2-2: Ball 3-2: Foul Ball, location: 2F 3-2: Strikes out swinging
|
| Top of the 9th over - 0 runs, 0 hits, 0 errors, 1 left on base; Nashville 3 - Fresno 3 |
| BOTTOM OF THE 9TH |
|
Fresno Grizzlies batting - Pitching for Nashville Sounds : RHP Kevin Endsley
|
|
Pitching: RHP Márcio Travanca
|
|
|
Batting: RHB Workneh Lagat
|
0-0: Foul Ball, location: 2F 0-1: Ball 1-1: Ball 2-1: Fly out, F7 (Line Drive, 7, EV 94.4 MPH)
|
|
Batting: RHB Xavier Castaneda
|
0-0: Ground out 5-3 (Groundball, 5L, EV 78.8 MPH)
|
|
Batting: RHB Dale Young
|
0-0: Ball 1-0: Ground out U3 (Groundball, 34, EV 90.0 MPH)
|
| Bottom of the 9th over - 0 runs, 0 hits, 0 errors, 0 left on base; Nashville 3 - Fresno 3 |
| TOP OF THE 10TH |
|
Nashville Sounds batting - Pitching for Fresno Grizzlies : RHP Josh Holloway
|
|
Batting: SHB Robert Santiago
|
0-0: Foul Ball, location: 2F 0-1: Foul Ball, location: 2F 0-2: SINGLE (Flyball, 6D, EV 84.4 MPH)
|
|
Batting: RHB Bill Cabrera
|
0-0: Foul Ball, location: 2F 0-1: Foul Ball, location: 2F 0-2: Strikes out swinging
|
|
Batting: LHB Zachary DeLuca
|
0-0: Called Strike Robert Santiago is caught stealing 2nd base 2-6 0-1: Swinging Strike 0-2: Strikes out swinging
|
| Top of the 10th over - 0 runs, 1 hit, 0 errors, 0 left on base; Nashville 3 - Fresno 3 |
| BOTTOM OF THE 10TH |
|
Fresno Grizzlies batting - Pitching for Nashville Sounds : RHP Márcio Travanca
|
|
Batting: LHB Jimmy Edlin
|
0-0: Ball 1-0: Swinging Strike 1-1: Foul Ball, location: 2F 1-2: Strikes out swinging
|
|
Batting: LHB Angelo Vasquez
|
0-0: Swinging Strike 0-1: Foul Ball, location: 2F 0-2: Ball 1-2: Ball 2-2: Strikes out swinging
|
|
Batting: SHB Troy Kenyon
|
0-0: Swinging Strike 0-1: Ball 1-1: Ball 2-1: Swinging Strike 2-2: Fly out, F9 (Flyball, 89S, EV 96.9 MPH)
|
| Bottom of the 10th over - 0 runs, 0 hits, 0 errors, 0 left on base; Nashville 3 - Fresno 3 |
| TOP OF THE 11TH |
|
Nashville Sounds batting - Pitching for Fresno Grizzlies : RHP Josh Holloway
|
|
Batting: LHB Gregg Power
|
0-0: Swinging Strike 0-1: Ball 1-1: Ground out 3-1 (Groundball, 34, EV 90.6 MPH)
|
|
Batting: RHB Wade Diamond
|
0-0: Ball 1-0: SINGLE (Groundball, 56D, EV 103.1 MPH)
|
|
Batting: RHB Robby Godwin
|
0-0: Called Strike 0-1: Swinging Strike 0-2: Ball Wade Diamond is caught stealing 2nd base 2-4 1-2: Ground out 4-3 (Groundball, 4, EV 91.2 MPH)
|
| Top of the 11th over - 0 runs, 1 hit, 0 errors, 0 left on base; Nashville 3 - Fresno 3 |
| BOTTOM OF THE 11TH |
|
Fresno Grizzlies batting - Pitching for Nashville Sounds : RHP Márcio Travanca
|
|
Batting: LHB Mark Dearth
|
0-0: Foul Ball, location: 2F 0-1: Ball 1-1: Ball 2-1: Swinging Strike 2-2: Ball 3-2: Strikes out looking
|
|
Batting: RHB Sam Spohn
|
0-0: Foul Ball, location: 2F 0-1: Swinging Strike 0-2: Foul Ball, location: 2F 0-2: Strikes out swinging
|
|
Batting: SHB Bryan Johnston
|
0-0: Called Strike 0-1: Fly out, F6 (Popup, 6M, EV 60.6 MPH)
|
| Bottom of the 11th over - 0 runs, 0 hits, 0 errors, 0 left on base; Nashville 3 - Fresno 3 |
| TOP OF THE 12TH |
|
Nashville Sounds batting - Pitching for Fresno Grizzlies : RHP Josh Holloway
|
|
Pitching: RHP Jordan Tejeda
|
|
|
Pinch Hitting: LHB Ben Goldstein
|
0-0: Ball 1-0: Ground out 6-3 (Groundball, 4M, EV 100.6 MPH)
|
|
Batting: RHB Eduardo Chavez
|
0-0: Ball 1-0: Called Strike 1-1: Ball 2-1: Reached on error, E3 (Groundball, 34, EV 104.4 MPH)
|
|
Batting: RHB Jeff Garofalo
|
0-0: Ball Eduardo Chavez steals 2nd base (no throw) 1-0: Foul Ball, location: 2F 1-1: Foul Ball, location: 2F 1-2: Ball 2-2: Strikes out looking
|
|
Batting: SHB Robert Santiago
|
0-0: Swinging Strike 0-1: Swinging Strike 0-2: Hit by Pitch
|
|
Batting: RHB Bill Cabrera
|
0-0: Swinging Strike 0-1: Ball 1-1: Ball 2-1: Fly out, F8 (Flyball, 8LS, EV 76.2 MPH)
|
| Top of the 12th over - 0 runs, 0 hits, 1 error, 2 left on base; Nashville 3 - Fresno 3 |
| BOTTOM OF THE 12TH |
|
Fresno Grizzlies batting - Pitching for Nashville Sounds : RHP Márcio Travanca
|
|
Now at 2B: Ryan Kinkead
|
|
|
Batting: RHB Workneh Lagat
|
0-0: Ball 1-0: Foul Ball, location: 2F 1-1: DOUBLE (Line Drive, 5D, EV 111.2 MPH)
|
|
Batting: RHB Xavier Castaneda
|
0-0: Ground out 4-3 (Groundball, 4, EV 78.1 MPH) Workneh Lagat to third
|
|
Batting: RHB Dale Young
|
0-0: Called Strike 0-1: Fly out, F8 (Flyball, 78M, EV 89.4 MPH) Runner from 3rd tags up, SCORES, throw by CF
|
| Bottom of the 12th over - 1 run, 1 hit, 0 errors, 0 left on base; Nashville 3 - Fresno 4 |
|